[Event "Titled Tuesday Blitz June 13 Early 2023"]
[White "Deng, Henry"]
[Black "Winkels, Marcel"]
[WhiteFideId "30965454"]
[BlackFideId "1003887"]
[WhiteElo "2559"]
[BlackElo "1900"]
[Result "1-0"]
[Round "1"]
[TimeControl "180+2"]
[Date "2023.06.13"]
[WhiteClock "0:00:29"]
[BlackClock "0:00:00"]
[Board "206"]

1. e4 Nf6 2. e5 Nd5 3. c4 Nb6 4. d4 d6 5. exd6 exd6 6. Nc3 Be7 7. Bd3 O-O 8. Nge2 Nc6 9. b3 Bg4 10. Be3 Bf6 11. f3 Bh5 12. O-O Re8 13. Bf2 Bg6 14. a3 Qd7 15. Bxg6 hxg6 16. Ne4 Qe7 17. Qd3 d5 18. Nxf6+ Qxf6 19. Nc3 Rad8 20. c5 Nc8 21. b4 a6 22. Rfe1 N8e7 23. Rab1 Qf5 24. Qxf5 gxf5 25. b5 Nb8 26. bxa6 bxa6 27. Rb7 Rd7 28. Bg3 Nbc6 29. Rxc7 Rxc7 30. Bxc7 Nxd4 31. Bd6 Ne6 32. Bxe7 Rxe7 33. Nxd5 Rd7 34. Nb6 Rc7 35. Na4 Nxc5 36. Rc1 Ne6 37. Rd1 Rc4 38. Nb6 Rc3 39. a4 Rb3 40. Nd5 Ra3 41. Ne7+ Kh7 42. Nxf5 Rxa4 43. Nd6 Ra2 44. Nxf7 a5 45. Rd6 Nc5 46. Ng5+ 1-0


[Site "https://www.chess.com"]

[Event "Titled Tuesday Blitz June 13 Early 2023"]
[White "Nikulina, Alena"]
[Black "Yaniuk, Volodymyr"]
[WhiteFideId "4172051"]
[BlackFideId "14133083"]
[WhiteElo "1608"]
[BlackElo "2141"]
[Result "1/2-1/2"]
[Round "1"]
[TimeControl "180+2"]
[Date "2023.06.13"]
[WhiteClock "0:00:08"]
[BlackClock "0:01:19"]
[Board "207"]

1. e4 e5 2. Nf3 Nc6 3. Bb5 Nf6 4. O-O Nxe4 5. Re1 Nd6 6. a4 Be7 7. d4 e4 8. Ne5 O-O 9. Nc3 f5 10. f4 Bf6 11. Nd5 a6 12. Be2 Ne7 13. Ne3 Ne8 14. d5 d6 15. N5c4 g6 16. c3 Bg7 17. g4 fxg4 18. Nxg4 Bf5 19. Be3 Nf6 20. Nxf6+ Bxf6 21. Bd4 Qd7 22. Bxf6 Rxf6 23. Qd4 Raf8 24. Rad1 R6f7 25. Ne3 Rg7 26. Kh1 Rgf7 27. Rg1 a5 28. c4 b6 29. b3 Rg7 30. Rdf1 Rff7 31. Ng4 Bxg4 32. Bxg4 Nf5 33. Bxf5 gxf5 34. Qe3 Qe7 35. Rxg7+ Rxg7 36. Rg1 Rxg1+ 37. Qxg1+ Qg7 38. Qe3 Qa1+ 39. Kg2 Qb2+ 40. Kh3 Qf6 41. Kg2 Kf7 42. Kh3 Qg6 43. Qf2 e3 44. Qf3 e2 45. Qxe2 Qh6+ 46. Kg3 Qg6+ 47. Kh3 Qh6+ 48. Kg3 Qg7+ 49. Kf3 Qc3+ 50. Qe3 Qxe3+ 51. Kxe3 Kg6 52. Kf3 Kh5 53. Kg3 h6 54. h4 Kg6 55. Kf3 Kf6 56. Ke3 Ke7 57. Kd4 Kf6 58. Ke3 Kg6 59. Kf3 Kh5 60. Kg3 Kg6 61. Kf3 1/2-1/2


[Site "https://www.chess.com"]

[Event "Titled Tuesday Blitz June 13 Early 2023"]
[White "Shukhman, Anna"]
[Black "Floresvillar Gonzalez, Luis Migu"]
[WhiteFideId "54180058"]
[BlackFideId "5100542"]
[WhiteElo "2235"]
[BlackElo "2040"]
[Result "1-0"]
[Round "1"]
[TimeControl "180+2"]
[Date "2023.06.13"]
[WhiteClock "0:00:12"]
[BlackClock "0:00:14"]
[Board "208"]

1. e4 e6 2. d4 d5 3. Nc3 dxe4 4. Nxe4 Nd7 5. Bd3 Ngf6 6. Qe2 Be7 7. Nf3 Nxe4 8. Qxe4 Nf6 9. Qf4 Qd6 10. Ne5 c5 11. dxc5 Qxc5 12. Be3 Qb4+ 13. Qxb4 Bxb4+ 14. c3 Bd6 15. Nc4 Bc7 16. O-O-O Nd5 17. Bd4 O-O 18. Be4 b5 19. Bxd5 exd5 20. Ne3 Be6 21. g3 Bb6 22. f4 Bxd4 23. Rxd4 g6 24. g4 Rfe8 25. f5 Bxf5 26. gxf5 Rxe3 27. Rxd5 a6 28. f6 Rf3 29. Rd6 a5 30. Rhd1 h5 31. Rb6 b4 32. Kc2 bxc3 33. bxc3 Rc8 34. Rd3 Rf2+ 35. Rd2 Rf3 36. Rd3 Rf2+ 37. Kb3 a4+ 38. Kxa4 Rxa2+ 39. Kb3 Rxh2 40. c4 Rh1 41. Rb4 Rf1 42. Rd6 Rf3+ 43. Ka4 Ra8+ 44. Kb5 Rb8+ 45. Rb6 Rxb6+ 46. Kxb6 Rxf6+ 47. Kb7 Rf1 48. c5 Rc1 49. c6 g5 50. Rb5 f6 51. c7 h4 52. Rb6 Rxc7+ 53. Kxc7 Kf7 54. Kd6 g4 55. Rb4 f5 56. Ke5 Kg6 57. Kf4 h3 58. Rb6+ Kh5 59. Rb2 Kh4 60. Rb8 Kh5 61. Kxf5 Kh4 62. Kf4 Kh5 63. Rh8+ Kg6 64. Kxg4 Kg7 65. Rxh3 Kg6 66. Ra3 Kf6 67. Ra5 Ke7 68. Kf4 Kd6 69. Rb5 Kc6 70. Rh5 Kb6 71. Ke4 Kc6 72. Kd4 Kd7 73. Rh6 Ke7 74. Ke5 Kf7 75. Ra6 Kg7 76. Kf5 Kf7 77. Ra7+ Ke8 78. Kf6 Kd8 79. Rh7 Kc8 80. Ke6 Kb8 81. Kd6 Kc8 82. Rg7 Kd8 83. Rg8# 1-0


[Site "https://www.chess.com"]

[Event "Titled Tuesday Blitz June 13 Early 2023"]
[White "Hartikainen, Jarmo"]
[Black "Omelja, Artem"]
[WhiteFideId "503134"]
[BlackFideId "14119846"]
[WhiteElo "2131"]
[BlackElo "2404"]
[Result "0-1"]
[Round "1"]
[TimeControl "180+2"]
[Date "2023.06.13"]
[WhiteClock "0:00:02"]
[BlackClock "0:00:51"]
[Board "209"]

1. e4 e5 2. Nf3 Nc6 3. Bc4 Bc5 4. c3 Nf6 5. d4 exd4 6. b4 Be7 7. e5 Ng4 8. cxd4 Bxb4+ 9. Kf1 d5 10. Bd3 Be6 11. h3 Nh6 12. Bxh6 gxh6 13. Qc1 Qd7 14. Nc3 O-O-O 15. Rb1 Ba5 16. Na4 Bb6 17. Nc5 Qe7 18. Nxe6 fxe6 19. Qb2 Rdf8 20. Ke2 Rhg8 21. Rhg1 Qf7 22. a4 Nxd4+ 23. Nxd4 Qxf2+ 0-1


[Site "https://www.chess.com"]

[Event "Titled Tuesday Blitz June 13 Early 2023"]
[White "Safin, Robert"]
[Black "Sailer, Mike"]
[WhiteFideId "34189120"]
[BlackFideId "2012901"]
[WhiteElo "2341"]
[BlackElo "2109"]
[Result "0-1"]
[Round "1"]
[TimeControl "180+2"]
[Date "2023.06.13"]
[WhiteClock "0:00:00"]
[BlackClock "0:00:05"]
[Board "210"]

1. e4 d5 2. exd5 Qxd5 3. Nc3 Qd6 4. Nf3 Nf6 5. d4 c6 6. Ne5 Nbd7 7. Nc4 Qc7 8. Qf3 Nb6 9. Bf4 Qd8 10. Be5 Bg4 11. Qg3 h5 12. f3 Bf5 13. O-O-O Nxc4 14. Bxc4 e6 15. Rhe1 h4 16. Qf2 Bd6 17. Kb1 Qc7 18. g4 hxg3 19. hxg3 O-O-O 20. g4 Bg6 21. a3 Bxe5 22. dxe5 Rxd1+ 23. Nxd1 Nd5 24. Qxa7 Rh2 25. Bd3 Bxd3 26. cxd3 Nf4 27. Qa8+ Qb8 28. Qa4 Nxd3 29. Re3 Nxe5 30. Qf4 Nd7 31. Qxf7 Qd6 32. Nc3 Qd2 0-1


[Site "https://www.chess.com"]

[Event "Titled Tuesday Blitz June 13 Early 2023"]
[White "Baker, Chris W"]
[Black "Pinheiro, Iung Alicio de O."]
[WhiteFideId "401676"]
[BlackFideId "2104350"]
[WhiteElo "2120"]
[BlackElo "2283"]
[Result "0-1"]
[Round "1"]
[TimeControl "180+2"]
[Date "2023.06.13"]
[WhiteClock "0:00:00"]
[BlackClock "0:00:05"]
[Board "211"]

1. d4 Nf6 2. Nf3 e6 3. g3 b6 4. Bg2 Bb7 5. O-O c5 6. dxc5 Bxc5 7. c4 O-O 8. Nc3 a6 9. Qc2 Be7 10. Bg5 d6 11. Bxf6 Bxf6 12. Ng5 Bxg5 13. Bxb7 Ra7 14. Bg2 Rc7 15. Qd3 Be7 16. Rfd1 Nd7 17. b3 Qb8 18. Rac1 Rfc8 19. Qe3 b5 20. cxb5 axb5 21. Ne4 d5 22. Ng5 Nf8 23. Nf3 Ba3 24. Rxc7 Qxc7 25. Qd3 b4 26. Nd4 Qc3 27. h4 Qxd3 28. Rxd3 Rc1+ 29. Kh2 g6 30. Rd2 Rc5 31. e3 Nd7 32. Rc2 Kg7 33. Bf3 Rxc2 34. Nxc2 Nc5 35. Be2 Kf6 36. Kg2 Ke5 37. f4+ Kd6 38. Bf3 Nd3 0-1


[Site "https://www.chess.com"]

[Event "Titled Tuesday Blitz June 13 Early 2023"]
[White "Parondo, Rolly"]
[Black "Lakshmi C"]
[WhiteFideId "5217407"]
[BlackFideId "25035347"]
[WhiteElo "2141"]
[BlackElo "1942"]
[Result "1-0"]
[Round "1"]
[TimeControl "180+2"]
[Date "2023.06.13"]
[WhiteClock "0:00:56"]
[BlackClock "0:00:00"]
[Board "212"]

1. d4 Nf6 2. Bf4 d6 3. e3 Nbd7 4. Bc4 e5 5. Bg3 Be7 6. Nf3 e4 7. Bxf7+ Kxf7 8. Ng5+ Kg8 9. Ne6 Qe8 10. Nxc7 Qf7 11. Nxa8 Ne8 12. Nd2 b6 13. Qe2 Bb7 14. Qb5 Qe6 15. Qa4 Bxa8 16. Qxa7 Bc6 17. c4 d5 18. O-O Nef6 19. cxd5 Nxd5 20. Rfc1 Kf7 21. Qa6 Ra8 22. Qe2 N7f6 23. a3 Qd7 24. Nc4 Kg8 25. Ne5 Bb5 26. Qc2 Qe8 27. Qb3 Ba4 28. Qa2 1-0


[Site "https://www.chess.com"]

[Event "Titled Tuesday Blitz June 13 Early 2023"]
[White "Blackwhite017"]
[Black "Ismagilov, Damir"]
[BlackFideId "34199982"]
[WhiteElo "2113"]
[BlackElo "2104"]
[Result "1-0"]
[Round "1"]
[TimeControl "180+2"]
[Date "2023.06.13"]
[WhiteClock "0:00:07"]
[BlackClock "0:00:24"]
[Board "213"]

1. e4 c6 2. Nf3 d5 3. exd5 cxd5 4. Ne5 Nf6 5. d4 Nc6 6. c3 e6 7. Nd2 Bd6 8. f4 Nd7 9. Bd3 O-O 10. O-O f5 11. Nxd7 Bxd7 12. Nf3 Be8 13. Re1 Rf6 14. Bd2 Bh5 15. Qe2 Qc7 16. g3 Re8 17. Qf2 Bxf3 18. Qxf3 Kf7 19. Re2 g6 20. Rae1 Ne7 21. h4 Ng8 22. Bc2 Kg7 23. Bb3 Re7 24. Rc1 Rf8 25. c4 dxc4 26. Bxc4 Qd7 27. Bc3 Nf6 28. Kg2 Rc8 29. Bb3 Kf7 30. Rce1 Ne4 31. Rxe4 fxe4 32. Rxe4 Bc7 33. Qe2 Rce8 34. d5 exd5 35. Rxe7+ Rxe7 36. Qd3 Qf5 37. Bxd5+ Ke8 38. Qc4 a6 39. a4 h5 40. Bxb7 Bxf4 41. Bc6+ Kf8 42. gxf4 Qg4+ 43. Kf2 Qxh4+ 44. Kg2 Qg4+ 45. Kf2 Qh4+ 46. Kg2 g5 47. Bb4 Qg4+ 48. Kf2 Qh4+ 49. Kg2 gxf4 50. Bxe7+ Kxe7 51. Qe4+ Kf6 52. Qd4+ Ke7 53. Qe5+ Kf8 54. Qd6+ Kg7 55. Qe5+ Kf8 56. Qd6+ Kg7 57. Qe5+ Kh6 58. Qe6+ Kh7 59. Be4+ Kg7 60. Qg6+ Kf8 61. Qf5+ Ke7 62. Qe5+ Kf7 63. Bd5+ Kg6 64. Qe6+ Kg7 65. Qe5+ Kh6 66. Qe6+ Kg7 67. Qe5+ Qf6 68. Qxf6+ Kxf6 69. Kf3 Ke5 70. Bb7 h4 71. Bxa6 h3 72. Bf1 h2 73. Bg2 Kd4 74. b4 Kc4 75. b5 Kc5 76. Kxf4 Kb6 77. Bh1 Ka5 78. Kg3 Kxa4 79. b6 Kb5 80. b7 Ka6 81. b8=Q Ka5 82. Qb2 Ka4 83. Qxh2 Ka5 84. Qg2 Ka6 85. Kf2 Ka5 86. Ke3 Ka4 87. Kd3 Ka5 88. Kc4 Ka4 89. Qa2# 1-0


[Site "https://www.chess.com"]

[Event "Titled Tuesday Blitz June 13 Early 2023"]
[White "Arencibia Monduy, Antonio"]
[Black "Philippe, Guillaume"]
[WhiteFideId "3507939"]
[BlackFideId "36048763"]
[WhiteElo "2552"]
[BlackElo "2387"]
[Result "1-0"]
[Round "1"]
[TimeControl "180+2"]
[Date "2023.06.13"]
[WhiteClock "0:00:08"]
[BlackClock "0:00:20"]
[Board "214"]

1. e4 e5 2. Bc4 Nf6 3. d3 c6 4. Nf3 d5 5. Bb3 Bd6 6. O-O h6 7. Re1 O-O 8. Nbd2 Bg4 9. h3 Bh5 10. Nf1 Re8 11. Ng3 Bg6 12. Nh4 Nxe4 13. Nxg6 Nxg3 14. Qg4 fxg6 15. Qxg6 Nd7 16. Qxd6 Nf5 17. Qg6 Qf6 18. Qxf6 Nxf6 19. c3 Rad8 20. Bd2 Kh7 21. Re2 e4 22. Bc2 Nd6 23. Rae1 g6 24. Bf4 exd3 25. Bxd3 Nde4 26. f3 Nc5 27. Re7+ Kg8 28. Bxg6 Rxe7 29. Rxe7 Rd7 30. Rxd7 Nfxd7 31. Bxh6 Na4 32. Bc1 Ne5 33. Bc2 Nb6 34. Kf2 Kf7 35. f4 Nec4 36. g4 c5 37. b3 Nd6 38. Be3 Nd7 39. Kf3 Nb5 40. Bd2 d4 41. c4 Nd6 42. g5 b5 43. cxb5 Nxb5 44. h4 c4 45. bxc4 Na3 46. Bd3 Nc5 47. Ke2 Na4 48. h5 Nb2 49. g6+ Kg7 50. f5 Naxc4 51. h6+ Kf6 52. h7 Kg7 53. f6+ Kxf6 54. h8=Q+ Ke6 55. Bxc4+ Nxc4 56. Qg8+ Kd6 57. Qxc4 Ke5 58. Qf7 a5 59. Kd3 Kd6 60. Bf4+ Kc5 61. Qc4+ Kb6 62. Bc7+ Kb7 63. Bd6 a4 64. Qb5+ Kc8 65. Qc6+ Kd8 66. Qc7+ Ke8 67. Qe7# 1-0


[Site "https://www.chess.com"]

[Event "Titled Tuesday Blitz June 13 Early 2023"]
[White "Lisjak, Zlatko"]
[Black "Malyi, Viacheslav"]
[WhiteFideId "14502186"]
[BlackFideId "14123983"]
[WhiteElo "1998"]
[BlackElo "2291"]
[Result "0-1"]
[Round "1"]
[TimeControl "180+2"]
[Date "2023.06.13"]
[WhiteClock "0:00:00"]
[BlackClock "0:01:03"]
[Board "215"]

1. d4 Nf6 2. Nc3 e6 3. Bf4 d5 4. e3 a6 5. Qd2 c5 6. O-O-O Nc6 7. a3 Bd7 8. Kb1 Rc8 9. Nf3 cxd4 10. exd4 Qa5 11. Na2 Qxd2 12. Bxd2 Bd6 13. Bd3 O-O 14. Rhe1 Rfd8 15. Nc3 Be8 16. Bg5 Be7 17. Re2 h6 18. Bd2 b5 19. Rde1 Bd6 20. Na2 Ra8 21. Nb4 Rdb8 22. Nxc6 Bxc6 23. Ne5 Bxe5 24. Rxe5 Nd7 25. R5e2 a5 26. b3 a4 27. b4 Nb6 28. f4 Nc4 29. Bc1 Nd6 30. g4 Ne4 31. f5 Re8 32. fxe6 Rxe6 33. Kb2 Rae8 34. h3 Nd6 35. Bf4 Nc4+ 0-1


[Site "https://www.chess.com"]

[Event "Titled Tuesday Blitz June 13 Early 2023"]
[White "Vovk, Orest"]
[Black "Tsukerman, Julia"]
[WhiteFideId "14113490"]
[BlackFideId "2621649"]
[WhiteElo "2215"]
[BlackElo "1667"]
[Result "1/2-1/2"]
[Round "1"]
[TimeControl "180+2"]
[Date "2023.06.13"]
[WhiteClock "0:00:07"]
[BlackClock "0:00:17"]
[Board "216"]

1. g4 d5 2. Bg2 Bxg4 3. c4 c6 4. Qb3 Qc8 5. cxd5 cxd5 6. Nc3 Nc6 7. Bxd5 e6 8. Bf3 Bf5 9. d3 Nf6 10. Bg5 Be7 11. Rc1 Qd7 12. Bxf6 Bxf6 13. Ne4 Bd4 14. Nc5 Bxc5 15. Rxc5 Rc8 16. Qc3 O-O 17. Bxc6 Rxc6 18. Rxc6 bxc6 19. Nf3 Qd5 20. Rg1 f6 21. e4 Bxe4 22. dxe4 Qxe4+ 23. Kf1 Rd8 24. Rg3 Rd3 25. Qe1 Qc4 26. Kg2 e5 27. b3 Qd5 28. Qb4 e4 29. Qb8+ Kf7 30. Qc7+ Ke6 31. Qc8+ Kf7 32. Nh4 e3+ 33. f3 Rd2+ 34. Kh3 Qe6+ 35. Qxe6+ Kxe6 36. Rg1 e2 37. Re1 Rxa2 38. Ng2 Rb2 39. Rxe2+ Rxe2 40. Nf4+ Ke5 41. Nxe2 Kd5 42. Kg3 Kc5 43. Kf4 g6 44. Ke3 Kb4 45. Nc1 Kc3 46. Ke4 Kc2 47. Nd3 Kxb3 48. Kd4 a5 49. Nc5+ Kb4 50. Na6+ Kb3 51. Nc5+ Kb4 52. Nd3+ Kb3 53. Kc5 a4 54. Nc1+ Kb2 55. Nd3+ Kb3 56. Nb4 a3 57. f4 a2 58. Nxa2 Kxa2 59. Kxc6 g5 60. fxg5 fxg5 61. Kd5 h5 62. Ke5 g4 63. Kf4 Kb3 64. Kg5 Kc4 65. Kxh5 Kd5 66. Kxg4 Ke6 67. Kg5 Kf7 68. Kh6 Kg8 69. h4 Kh8 70. Kg6 Kg8 71. h5 Kh8 72. h6 Kg8 73. h7+ Kh8 74. Kh6 1/2-1/2


[Site "https://www.chess.com"]

[Event "Titled Tuesday Blitz June 13 Early 2023"]
[White "Maluco_do_Natal_00"]
[Black "Shevtchenko, Olesya"]
[BlackFideId "24131890"]
[WhiteElo "2082"]
[BlackElo "2003"]
[Result "0-1"]
[Round "1"]
[TimeControl "180+2"]
[Date "2023.06.13"]
[WhiteClock "0:00:00"]
[BlackClock "0:02:08"]
[Board "217"]

1. e4 c6 2. d4 d5 3. Nc3 dxe4 4. Nxe4 Bf5 5. Ng3 Bg6 6. h4 h6 7. h5 Bh7 8. Nf3 e6 9. Bd3 Bxd3 10. Qxd3 Nf6 11. Bd2 c5 12. O-O-O Nc6 13. Bf4 Nd5 14. Bd2 Nb6 15. Bc3 Qd5 16. dxc5 Bxc5 17. Qxd5 Nxd5 18. Bxg7 Rh7 19. Ne4 Rxg7 20. Nxc5 Rxg2 21. Rhg1 Rxg1 22. Rxg1 O-O-O 23. Rg7 Nf4 24. c3 b6 25. Ne4 f5 26. Ng3 Nd3+ 27. Kc2 Nxf2 28. Nd4 Nxd4+ 29. cxd4 Rxd4 30. Rxa7 Rg4 31. Ne2 Rc4+ 32. Kb3 Rc7 33. Ra8+ Kb7 34. Rh8 Ng4 35. Nf4 e5 36. Nd5 Rd7 37. Nb4 f4 38. Re8 f3 39. Rf8 f2 40. Nc2 e4 0-1


[Site "https://www.chess.com"]

[Event "Titled Tuesday Blitz June 13 Early 2023"]
[White "Mendez Fortes, Eduardo Jesus"]
[Black "Torres Dominguez, David"]
[WhiteFideId "3502376"]
[BlackFideId "2220857"]
[WhiteElo "2307"]
[BlackElo "1999"]
[Result "1-0"]
[Round "1"]
[TimeControl "180+2"]
[Date "2023.06.13"]
[WhiteClock "0:01:03"]
[BlackClock "0:01:07"]
[Board "218"]

1. e4 e5 2. Nf3 Nc6 3. Bb5 Nge7 4. c3 g6 5. d4 Bg7 6. O-O O-O 7. d5 a6 8. Ba4 Na7 9. c4 d6 10. b4 b5 11. Bb3 bxc4 12. Bxc4 Nb5 13. a4 Nd4 14. Nxd4 exd4 15. Bb2 Rb8 16. b5 axb5 17. axb5 Bd7 18. Na3 f5 19. Bxd4 fxe4 20. Bxg7 Kxg7 21. Qd4+ Kg8 22. Qxe4 Nf5 23. Rfe1 Qf6 24. Nc2 Bxb5 25. Bxb5 Rxb5 26. Rad1 Rb2 27. Re2 Kg7 28. Rde1 Rf7 29. Qd3 Nh4 30. Nd4 Rxe2 31. Rxe2 Qg5 32. Ne6+ Kh6 33. Nxg5 Kxg5 34. Qe3+ Kh5 35. h3 Nf5 36. g4+ 1-0


[Site "https://www.chess.com"]

[Event "Titled Tuesday Blitz June 13 Early 2023"]
[White "Mamedov, Edgar"]
[Black "Slayyy_200"]
[WhiteFideId "13739980"]
[WhiteElo "2317"]
[BlackElo "2060"]
[Result "1-0"]
[Round "1"]
[TimeControl "180+2"]
[Date "2023.06.13"]
[WhiteClock "0:00:30"]
[BlackClock "0:00:13"]
[Board "220"]

1. d4 Nf6 2. Bg5 Ne4 3. Bf4 c5 4. f3 Nf6 5. dxc5 Nc6 6. Nc3 e5 7. Be3 Qa5 8. a3 Bxc5 9. b4 Nxb4 10. axb4 Qxb4 11. Bd2 Qb6 12. e3 Bxe3 13. Bxe3 Qxe3+ 14. Nge2 O-O 15. Qd2 Qb6 16. Rb1 Qc7 17. g3 Rd8 18. Nb5 Qb6 19. Qd6 Qe3 20. Rb3 Qh6 21. Nc7 Rb8 22. Qe7 Rf8 23. Qxe5 b6 24. Ne6 d6 25. Qxd6 Bxe6 26. Rd3 Qc1+ 27. Nxc1 Bc4 28. Rd4 Rfe8+ 29. Kf2 Be6 30. Bb5 Rec8 31. Bd3 a5 32. Ne2 b5 33. Nf4 Bc4 34. Bxc4 bxc4 35. Rhd1 h6 36. Nd5 Nxd5 37. Qxd5 a4 38. Rxc4 a3 39. Rxc8+ Rxc8 40. Qa2 Rc3 41. Rd3 Rxd3 42. cxd3 1-0


[Site "https://www.chess.com"]

[Event "Titled Tuesday Blitz June 13 Early 2023"]
[White "Levitan, Ronit"]
[Black "Streltsov, Alexey"]
[WhiteFideId "2815109"]
[BlackFideId "24104434"]
[WhiteElo "1930"]
[BlackElo "2546"]
[Result "0-1"]
[Round "1"]
[TimeControl "180+2"]
[Date "2023.06.13"]
[WhiteClock "0:00:00"]
[BlackClock "0:00:16"]
[Board "221"]

1. d4 d5 2. Nf3 c6 3. Bf4 Bf5 4. e3 e6 5. Bd3 Bd6 6. Bg3 Nf6 7. c4 Ne4 8. Bxd6 Nxd6 9. Bxf5 Nxf5 10. cxd5 exd5 11. Nc3 Nd7 12. a4 O-O 13. b4 Nb6 14. O-O Nd6 15. Ne5 Nbc4 16. Nxc4 Nxc4 17. b5 f5 18. Ne2 Qe7 19. bxc6 bxc6 20. a5 a6 21. Qa4 Rf6 22. Nf4 g5 23. Nh5 Rh6 24. Ng3 Rf8 25. Rfe1 Qd6 26. Qc2 Rhf6 27. f3 f4 28. exf4 Qxf4 29. Qd3 g4 30. Ne2 Qe3+ 31. Qxe3 Nxe3 32. fxg4 Nc2 33. Ng3 Rf4 34. h3 Nxa1 35. Rxa1 Rxd4 36. Nf5 Rc4 37. Rb1 h5 38. Rb6 hxg4 39. hxg4 Kh7 40. Rxa6 Rxg4 41. Ra7+ Kh8 42. Ne7 d4 43. Nxc6 Rfg8 44. Rd7 Rxg2+ 45. Kf1 Rd2 46. Rxd4 Rf8+ 47. Ke1 Ra2 48. Rh4+ Kg7 49. Rg4+ Kh6 50. Rh4+ Kg5 51. Re4 Rc8 52. Rc4 Rh8 53. Rc5+ Kf6 0-1


[Site "https://www.chess.com"]

[Event "Titled Tuesday Blitz June 13 Early 2023"]
[White "Toncheva, Nadya"]
[Black "Kriti Mayur Patel"]
[WhiteFideId "2924056"]
[BlackFideId "35061780"]
[WhiteElo "2101"]
[BlackElo "1306"]
[Result "0-1"]
[Round "1"]
[TimeControl "180+2"]
[Date "2023.06.13"]
[WhiteClock "0:00:09"]
[BlackClock "0:00:36"]
[Board "222"]

1. e4 e5 2. Nf3 Nc6 3. Bb5 a6 4. Ba4 Nf6 5. O-O b5 6. Bb3 Bc5 7. Re1 d6 8. c3 Bb6 9. d4 O-O 10. Bg5 Bg4 11. d5 Ne7 12. Bxf6 gxf6 13. h3 Bh5 14. g4 Bg6 15. Nbd2 Kh8 16. Kg2 Rg8 17. Nh2 Qf8 18. Kf1 Qh6 19. Qf3 Qxd2 20. Qxf6+ Rg7 21. Re2 Qf4 22. Qxf4 exf4 23. f3 Re8 24. a4 Rgg8 25. axb5 axb5 26. Ke1 Ra8 27. Rd1 Rge8 28. Nf1 h5 29. Kd2 hxg4 30. hxg4 Kg7 31. Kc2 Bc5 32. Nd2 b4 33. Nc4 bxc3 34. Kxc3 Reb8 35. Kc2 Rb4 36. Nd2 Rab8 37. Ra1 Be3 38. Ra3 c6 39. dxc6 Nxc6 40. Kc3 Bd4+ 41. Kc2 Be5 42. Nc4 Nd4+ 43. Kd1 Rxb3 44. Ra7 Nxe2 45. Kxe2 R3b7 46. Ra5 Bxb2 47. Nxd6 Rd7 48. Nc4 Bc3 49. Ra6 Rbd8 50. e5 Rd5 51. Kf2 Bxe5 52. Ra7 Bd4+ 53. Kg2 Bxa7 54. Kh3 Rd4 55. g5 Rxc4 56. Kg4 Rd1 57. Kh3 Rc3 58. Kg4 Rg1+ 59. Kxf4 Bb8# 0-1


[Site "https://www.chess.com"]

[Event "Titled Tuesday Blitz June 13 Early 2023"]
[White "Alexanian, Nelli"]
[Black "Liu, Casper"]
[WhiteFideId "4170539"]
[BlackFideId "1454153"]
[WhiteElo "2028"]
[BlackElo "2221"]
[Result "0-1"]
[Round "1"]
[TimeControl "180+2"]
[Date "2023.06.13"]
[WhiteClock "0:00:00"]
[BlackClock "0:01:08"]
[Board "223"]

1. d4 a6 2. c4 g6 3. Nc3 Bg7 4. e4 d6 5. Nf3 e6 6. Bg5 Ne7 7. Qd2 h6 8. Be3 Bd7 9. Bd3 Nbc6 10. h4 Nb4 11. O-O-O b5 12. Be2 c6 13. h5 g5 14. d5 c5 15. dxe6 Bxe6 16. Qxd6 Qa5 17. Bxc5 Nec6 18. Nd5 Bxd5 19. exd5 Bxb2+ 20. Kd2 Rd8 21. Bxb4 Nxb4 22. Qc5 Nxa2+ 23. Kc2 Qc3+ 24. Kb1 Nb4 25. Rd2 Ba3 26. Qe3+ Qxe3 27. fxe3 bxc4 28. Bxc4 Rb8 29. Ka1 O-O 30. e4 Rfc8 31. Bb3 Rc3 32. Rb2 Bxb2+ 33. Kxb2 Rd3 34. e5 Nxd5 35. Rd1 Rbxb3+ 36. Kc2 Rbc3+ 0-1


[Site "https://www.chess.com"]

[Event "Titled Tuesday Blitz June 13 Early 2023"]
[White "Arat, Ufuk Sezen"]
[Black "Haukenfrers, Dale"]
[WhiteFideId "6309089"]
[BlackFideId "2603780"]
[WhiteElo "2289"]
[BlackElo "2019"]
[Result "1-0"]
[Round "1"]
[TimeControl "180+2"]
[Date "2023.06.13"]
[WhiteClock "0:02:04"]
[BlackClock "0:00:28"]
[Board "224"]

1. e4 g6 2. d4 d6 3. Nc3 c6 4. f4 e5 5. dxe5 dxe5 6. Qxd8+ Kxd8 7. Nf3 exf4 8. Bxf4 Bg7 9. O-O-O+ Ke8 10. Bc4 Bxc3 11. bxc3 Nd7 12. Ng5 Nh6 13. Rhf1 Ke7 14. Bd6+ Ke8 15. Nxf7 Nxf7 16. Bxf7+ Kd8 17. e5 Nb6 18. e6 Nd5 19. c4 Ne3 20. e7+ Kd7 21. e8=Q+ Rxe8 22. Bxe8+ Kxe8 23. Rde1 Kd7 24. Rxe3 Kxd6 25. Rf8 Kc5 26. Ree8 Kxc4 27. Rxc8 Rxc8 28. Rxc8 h5 29. Rg8 h4 30. Rxg6 h3 31. gxh3 Kc3 32. h4 Kb4 33. h5 Ka3 34. h6 Kxa2 35. h7 c5 36. h8=Q c4 37. Qb2# 1-0


[Site "https://www.chess.com"]

[Event "Titled Tuesday Blitz June 13 Early 2023"]
[White "Necula, Iulian"]
[Black "Lehtosaari, Mauri"]
[WhiteFideId "1232380"]
[BlackFideId "501999"]
[WhiteElo "1790"]
[BlackElo "2541"]
[Result "0-1"]
[Round "1"]
[TimeControl "180+2"]
[Date "2023.06.13"]
[WhiteClock "0:00:13"]
[BlackClock "0:00:25"]
[Board "225"]

1. d4 d5 2. Nc3 Nf6 3. Bf4 a6 4. e3 Bf5 5. Nf3 e6 6. a3 Nbd7 7. Ne5 h6 8. g4 Bh7 9. h4 c5 10. g5 Ne4 11. gxh6 gxh6 12. Nxe4 Bxe4 13. f3 Bf5 14. Bd3 Bxd3 15. Qxd3 c4 16. Qe2 Qb6 17. Rb1 c3 18. b4 a5 19. b5 a4 20. Kf2 Bxa3 21. Rhg1 Be7 22. Rg7 Bxh4+ 23. Kg2 Rf8 24. Kh3 Bf6 25. Rh7 Nxe5 26. dxe5 Bg5 27. Bxg5 hxg5 28. Rh5 O-O-O 29. Rxg5 Rh8+ 30. Kg3 Rh7 31. f4 Rdh8 32. Qg2 Qxe3+ 33. Kg4 Rh4# 0-1


[Site "https://www.chess.com"]

[Event "Titled Tuesday Blitz June 13 Early 2023"]
[White "Jaskolka, Tomasz"]
[Black "Porat, Tori"]
[WhiteFideId "1170791"]
[BlackFideId "30982626"]
[WhiteElo "2155"]
[BlackElo "1752"]
[Result "1-0"]
[Round "1"]
[TimeControl "180+2"]
[Date "2023.06.13"]
[WhiteClock "0:00:41"]
[BlackClock "0:00:25"]
[Board "226"]

1. d4 d5 2. Nc3 Nf6 3. Bf4 e6 4. Nb5 Na6 5. e3 c6 6. Nc3 Nc7 7. Nf3 Bb4 8. Bd3 O-O 9. O-O Re8 10. Ne5 a6 11. Qf3 Bd6 12. Qh3 h6 13. g4 g5 14. Qxh6 gxf4 15. g5 Bf8 16. Qxf6 Qxf6 17. gxf6 Rd8 18. Kh1 fxe3 19. Rg1+ Kh8 20. Nxf7# 1-0


[Site "https://www.chess.com"]

[Event "Titled Tuesday Blitz June 13 Early 2023"]
[White "Saim, Mohamed Ilias"]
[Black "Hajiyev, Kanan"]
[WhiteFideId "7900465"]
[BlackFideId "13404148"]
[WhiteElo "2063"]
[BlackElo "2115"]
[Result "0-1"]
[Round "1"]
[TimeControl "180+2"]
[Date "2023.06.13"]
[WhiteClock "0:00:00"]
[BlackClock "0:00:33"]
[Board "227"]

1. d4 Nf6 2. Nf3 e6 3. e3 c5 4. Bd3 cxd4 5. exd4 b6 6. O-O Bb7 7. Re1 Be7 8. c3 O-O 9. Bf4 d6 10. h3 Nbd7 11. Nbd2 Re8 12. Nf1 a6 13. Bg3 b5 14. Rc1 Rc8 15. Bb1 Nb6 16. Qd3 Nc4 17. b3 Na3 18. Qe2 Nxb1 19. Rxb1 Rxc3 20. Rbc1 Qa5 21. Qd2 b4 22. a3 Rxb3 23. axb4 Qxb4 24. Qxb4 Rxb4 25. Rb1 Rxb1 26. Rxb1 Bxf3 27. gxf3 Ra8 28. Rb7 Bf8 29. Ne3 a5 30. Rb3 a4 31. Ra3 d5 32. Ra2 a3 33. Nc2 Nd7 34. Bf4 Nb6 35. Bc1 Nc4 36. Ne3 Ra4 37. Kf1 Rb4 38. Nxc4 Rxc4 39. Be3 Rb4 40. Kg2 Rb2 41. Ra1 a2 42. h4 h5 43. Kg3 Bb4 44. Kf4 f6 45. Kg3 Bc3 46. Bc1 Rc2 0-1


[Site "https://www.chess.com"]

[Event "Titled Tuesday Blitz June 13 Early 2023"]
[White "Fieberg, Samuel"]
[Black "ogpin"]
[WhiteFideId "12901717"]
[WhiteElo "2539"]
[BlackElo "2002"]
[Result "1-0"]
[Round "1"]
[TimeControl "180+2"]
[Date "2023.06.13"]
[WhiteClock "0:02:18"]
[BlackClock "0:02:19"]
[Board "228"]

1. e4 e5 2. Nf3 Nc6 3. d4 exd4 4. Nxd4 Bc5 5. Nb3 Bb6 6. Nc3 Nge7 7. f4 O-O 8. Bc4 Na5 9. Nxa5 Bxa5 10. Bd2 c6 11. O-O d5 12. exd5 cxd5 1-0


[Site "https://www.chess.com"]